3AAA
HIALEAH DODOS @ BLOOMINGTON LONGNECKS
09/01/2027
 
TOP OF THE 1ST
Hialeah Dodos batting - Pitching for Bloomington Longnecks : RHP Pedro Lara
Pitching: RHP Pedro Lara
Batting: RHB Jorge Salgado 0-0: Ball
1-0: SINGLE (Line Drive, 7)
Batting: LHB Errol Levick 0-0: Foul Ball, location: 2F
0-1: Ball
1-1: Ball
2-1: DOUBLE (Line Drive, 9LS)
Jorge Salgado to third
Batting: RHB Vincente Rotham 0-0: Foul Ball, location: 2F
0-1: Swinging Strike
0-2: Ball
1-2: Strikes out swinging
Batting: SHB Evan Adams 0-0: Foul Ball, location: 2F
0-1: Swinging Strike
0-2: Strikes out looking
Batting: LHB Curt Wilson 0-0: Ball
1-0: Foul Ball, location: 2F
1-1: SINGLE (Line Drive, 9LM)
Jorge Salgado scores
Errol Levick to third
Batting: RHB Armando García 0-0: Ball
1-0: Ball
2-0: Ball
3-0: Base on Balls
Curt Wilson to second
Batting: SHB Vincente Ybarra 0-0: Fly out, F7 (Flyball, 7)
Top of the 1st over - 1 run(s), 3 hit(s), 0 error(s), 3 left on base; Hialeah 1 - Bloomington 0
BOTTOM OF THE 1ST
Bloomington Longnecks batting - Pitching for Hialeah Dodos : RHP Miguel Álvarez
Pitching: RHP Miguel Álvarez
Batting: LHB Chris Payling 0-0: Called Strike
0-1: Fly out, F7 (Flyball, 7LS)
Batting: RHB Wei-qiang Mo 0-0: Ball
1-0: Ball
2-0: Foul Ball, location: 2F
2-1: SINGLE (Groundball, 5L) (infield hit)
Batting: LHB Adrián Gómez 0-0: Called Strike
0-1: Swinging Strike
0-2: Strikes out looking
Batting: LHB Luis Velázquez 0-0: Ball
1-0: Ground out U3 (Groundball, 3L)
Bottom of the 1st over - 0 run(s), 1 hit(s), 0 error(s), 1 left on base; Hialeah 1 - Bloomington 0
TOP OF THE 2ND
Hialeah Dodos batting - Pitching for Bloomington Longnecks : RHP Pedro Lara
Batting: SHB Luis Manuel Flores 0-0: Ball
1-0: Swinging Strike
1-1: Swinging Strike
1-2: Ball
2-2: Foul Ball, location: 2F
2-2: Foul Ball, location: 2F
2-2: Fly out, F7 (Flyball, 78S)
Batting: SHB Javier Gonzáles 0-0: Fly out, F7 (Flyball, 7)
Batting: RHB Jorge Salgado 0-0: Ball
1-0: Called Strike
1-1: Foul Ball, location: 2F
1-2: SINGLE (Line Drive, 4D)
Batting: LHB Errol Levick 0-0: Ball
1-0: Ball
2-0: Called Strike
2-1: Called Strike
Jorge Salgado steals 2nd base
2-2: Ground out U3 (Groundball, 3)
Top of the 2nd over - 0 run(s), 1 hit(s), 0 error(s), 1 left on base; Hialeah 1 - Bloomington 0
BOTTOM OF THE 2ND
Bloomington Longnecks batting - Pitching for Hialeah Dodos : RHP Miguel Álvarez
Batting: RHB José López 0-0: Fly out, F5 (Popup, 5L)
Batting: RHB Mark Smiley 0-0: Swinging Strike
0-1: Ground out 1-3 (Groundball, 13S)
Batting: RHB Bubba Blevins 0-0: Ball
1-0: Ball
2-0: SOLO HOME RUN (Flyball, 7D), Distance : 376 ft
Batting: RHB Ty Struck 0-0: Ball
1-0: DOUBLE (Groundball, 5L)
Batting: RHB Frank Crocker 0-0: Fly out, F9 (Flyball, 9S)
Bottom of the 2nd over - 1 run(s), 2 hit(s), 0 error(s), 1 left on base; Hialeah 1 - Bloomington 1
TOP OF THE 3RD
Hialeah Dodos batting - Pitching for Bloomington Longnecks : RHP Pedro Lara
Batting: RHB Vincente Rotham 0-0: Fly out, F4 (Popup, 4MD)
Batting: SHB Evan Adams 0-0: Ball
1-0: Called Strike
1-1: Ball
2-1: Ball
3-1: Foul Ball, location: 2F
3-2: Base on Balls
Batting: LHB Curt Wilson 0-0: SINGLE (Line Drive, 4MD)
Evan Adams to second
Throwing error, E8
Evan Adams scores
Curt Wilson to second
Batting: RHB Armando García 0-0: Foul Ball, location: 2F
0-1: Ball
1-1: Swinging Strike
1-2: Ball
2-2: Ball
3-2: Fly out, F8 (Line Drive, 8LD)
Runner from 2nd tags up, OUT at 3rd
Top of the 3rd over - 1 run(s), 1 hit(s), 1 error(s), 0 left on base; Hialeah 2 - Bloomington 1
BOTTOM OF THE 3RD
Bloomington Longnecks batting - Pitching for Hialeah Dodos : RHP Miguel Álvarez
Batting: LHB Chris Payling 0-0: Called Strike
0-1: Ball
1-1: Foul Ball, location: 2F
1-2: Foul Ball, location: 2F
1-2: Strikes out swinging
Batting: RHB Wei-qiang Mo 0-0: Ball
1-0: Ball
2-0: Foul Ball, location: 2F
2-1: Ball
3-1: Fly out, F4 (Popup, 34D)
Batting: LHB Adrián Gómez 0-0: Ball
1-0: Swinging Strike
1-1: Foul Ball, location: 2F
1-2: Strikes out swinging
Bottom of the 3rd over - 0 run(s), 0 hit(s), 0 error(s), 0 left on base; Hialeah 2 - Bloomington 1
TOP OF THE 4TH
Hialeah Dodos batting - Pitching for Bloomington Longnecks : RHP Pedro Lara
Batting: SHB Vincente Ybarra 0-0: Called Strike
0-1: Ball
1-1: Fly out, F8 (Flyball, 8RM)
Batting: SHB Luis Manuel Flores 0-0: Ball
1-0: Ball
2-0: Swinging Strike
2-1: Ball
3-1: Base on Balls
Batting: SHB Javier Gonzáles 0-0: Ball
1-0: Foul Ball, location: 2F
1-1: Swinging Strike
1-2: Strikes out looking
Luis Manuel Flores steals 2nd base
Batter strikes out.
Batting: RHB Jorge Salgado 0-0: Called Strike
0-1: SINGLE (Flyball, 8LS)
Luis Manuel Flores to third
Runner from 3rd tries for Home, throw and OUT!
Top of the 4th over - 0 run(s), 1 hit(s), 0 error(s), 1 left on base; Hialeah 2 - Bloomington 1
BOTTOM OF THE 4TH
Bloomington Longnecks batting - Pitching for Hialeah Dodos : RHP Miguel Álvarez
Batting: LHB Luis Velázquez 0-0: Fly out, F8 (Flyball, 8RM)
Batting: RHB José López 0-0: Called Strike
0-1: Foul Ball, location: 2F
0-2: Ball
1-2: Ground out 5-3 (Groundball, 56)
Batting: RHB Mark Smiley 0-0: Ground out 6-3 (Groundball, 6)
Bottom of the 4th over - 0 run(s), 0 hit(s), 0 error(s), 0 left on base; Hialeah 2 - Bloomington 1
TOP OF THE 5TH
Hialeah Dodos batting - Pitching for Bloomington Longnecks : RHP Pedro Lara
Batting: LHB Errol Levick 0-0: Foul Ball, location: 2F
0-1: Swinging Strike
0-2: Foul Ball, location: 2F
0-2: Ball
1-2: Ball
2-2: Ball
3-2: Strikes out swinging
Batting: RHB Vincente Rotham 0-0: Called Strike
0-1: Ball
1-1: Foul Ball, location: 2F
1-2: Ball
2-2: Foul Ball, location: 2F
2-2: Fly out, F8 (Flyball, 8RM)
Batting: SHB Evan Adams 0-0: Foul Ball, location: 2F
0-1: Ball
1-1: Ground out 6-3 (Groundball, 6)
Top of the 5th over - 0 run(s), 0 hit(s), 0 error(s), 0 left on base; Hialeah 2 - Bloomington 1
BOTTOM OF THE 5TH
Bloomington Longnecks batting - Pitching for Hialeah Dodos : RHP Miguel Álvarez
Batting: RHB Bubba Blevins 0-0: Called Strike
0-1: SINGLE (Line Drive, 89S)
Batting: RHB Ty Struck 0-0: Ball
1-0: Bunt missed!
1-1: Bunt - Flyout! F5
Batting: RHB Frank Crocker 0-0: Foul Ball, location: 2F
0-1: Grounds into double play, 6-4-3 (Groundball, 6)
Bottom of the 5th over - 0 run(s), 1 hit(s), 0 error(s), 0 left on base; Hialeah 2 - Bloomington 1
TOP OF THE 6TH
Hialeah Dodos batting - Pitching for Bloomington Longnecks : RHP Pedro Lara
Batting: LHB Curt Wilson 0-0: Ball
1-0: Swinging Strike
1-1: Ground out 1-6-3 (Groundball, 15S)
Batting: RHB Armando García 0-0: Fly out, F1 (Line Drive, 15)
Batting: SHB Vincente Ybarra 0-0: Ball
1-0: Called Strike
1-1: Ball
2-1: Called Strike
2-2: Fly out, F8 (Flyball, 8LM)
Top of the 6th over - 0 run(s), 0 hit(s), 0 error(s), 0 left on base; Hialeah 2 - Bloomington 1
BOTTOM OF THE 6TH
Bloomington Longnecks batting - Pitching for Hialeah Dodos : RHP Miguel Álvarez
Batting: LHB Chris Payling 0-0: Called Strike
0-1: Swinging Strike
0-2: Hit by Pitch
Batting: RHB Wei-qiang Mo 0-0: Foul Ball, location: 2F
0-1: Bunt missed!
0-2: Fielders Choice at 2nd, 6-4 (Groundball, 6M)
Batting: LHB Adrián Gómez 0-0: Ball
1-0: Foul Ball, location: 2F
1-1: Ball
2-1: Hit by Pitch
Wei-qiang Mo to second
Batting: LHB Luis Velázquez 0-0: Ball
1-0: SINGLE (Groundball, 34D)
Wei-qiang Mo to third
Adrián Gómez to second
Runner from 3rd tries for Home, SAFE, no throw
Batting: RHB José López 0-0: Ball
1-0: Fly out, F3 (Line Drive, 3)
Lined into DP, U3 (Line Drive, 3)
Bottom of the 6th over - 1 run(s), 1 hit(s), 0 error(s), 1 left on base; Hialeah 2 - Bloomington 2
TOP OF THE 7TH
Hialeah Dodos batting - Pitching for Bloomington Longnecks : RHP Pedro Lara
Batting: SHB Luis Manuel Flores 0-0: Called Strike
0-1: SINGLE (Groundball, 34D)
Batting: SHB Javier Gonzáles 0-0: Bunted foul
0-1: Sac Bunt - play at first, batter OUT! 1-4
Luis Manuel Flores to second
Pinch Hitting: RHB Luis Jelarde 0-0: Called Strike
0-1: Ball
1-1: Ball
2-1: Foul Ball, location: 2F
2-2: Ball
3-2: Foul Ball, location: 2F
3-2: Base on Balls
Batting: LHB Errol Levick 0-0: Called Strike
Luis Jelarde is caught stealing 2nd base
0-1: Ball
1-1: Foul Ball, location: 2F
1-2: Ball
2-2: Ball
3-2: SINGLE (Groundball, 34D)
Luis Manuel Flores scores
Batting: RHB Vincente Rotham 0-0: Swinging Strike
0-1: Fly out, F9 (Flyball, 9LM)
Top of the 7th over - 1 run(s), 2 hit(s), 0 error(s), 1 left on base; Hialeah 3 - Bloomington 2
BOTTOM OF THE 7TH
Bloomington Longnecks batting - Pitching for Hialeah Dodos : RHP Miguel Álvarez
Now in RF: Luis Jelarde
Batting: RHB Mark Smiley 0-0: Ball
1-0: Foul Ball, location: 2F
1-1: Foul Ball, location: 2F
1-2: Hit by Pitch
Batting: RHB Bubba Blevins 0-0: Foul Ball, location: 2F
0-1: Foul Ball, location: 2F
0-2: Ball
1-2: Fly out, F6 (Line Drive, 6)
Batting: RHB Ty Struck 0-0: Ball
1-0: Ball
2-0: Ball
3-0: Called Strike
3-1: Base on Balls
Mark Smiley to second
Batting: RHB Frank Crocker 0-0: Ball
1-0: Ball
2-0: Ball
3-0: Base on Balls
Mark Smiley to third
Ty Struck to second
Batting: LHB Chris Payling 0-0: Swinging Strike
0-1: Ball
Wild Pitch!
Mark Smiley scores
Ty Struck to third
Frank Crocker to second
1-1: 3-RUN HOME RUN (Flyball, 9D), Distance : 350 ft
Pitching: RHP Lindsay Novak
Batting: RHB Wei-qiang Mo 0-0: Fly out, F8 (Line Drive, 8RM)
Batting: LHB Adrián Gómez 0-0: Swinging Strike
0-1: Ball
1-1: SINGLE (Flyball, 78S)
Batting: LHB Luis Velázquez 0-0: Called Strike
0-1: Fly out, F7 (Flyball, 7D)
Bottom of the 7th over - 4 run(s), 2 hit(s), 0 error(s), 1 left on base; Hialeah 3 - Bloomington 6
TOP OF THE 8TH
Hialeah Dodos batting - Pitching for Bloomington Longnecks : RHP Pedro Lara
Batting: SHB Evan Adams 0-0: Foul Ball, location: 2F
0-1: Ball
1-1: Ball
2-1: Swinging Strike
2-2: Ground out 4-3 (Groundball, 4S)
Pitching: LHP Anaías Pedroza
Batting: LHB Curt Wilson 0-0: Called Strike
0-1: Ball
1-1: Ball
2-1: SINGLE (Line Drive, 89M)
Pitching: RHP Vincente Ortíz
Batting: RHB Armando García 0-0: Ball
1-0: Ball
2-0: Ball
3-0: Called Strike
3-1: Swinging Strike
3-2: DOUBLE (Line Drive, 7D)
Curt Wilson to third
Runner from 3rd tries for Home, SAFE, throw made home
Pitching: LHP Jesús Medina
Batting: SHB Vincente Ybarra 0-0: Ball
1-0: Called Strike
1-1: Ball
2-1: Called Strike
2-2: Ball
3-2: Strikes out swinging
Pitching: RHP Nick Taylor
Batting: SHB Luis Manuel Flores 0-0: Swinging Strike
0-1: SINGLE (Flyball, 9LM)
Armando García to third
Runner from 3rd tries for Home, SAFE, no throw
Batting: SHB Javier Gonzáles 0-0: Called Strike
0-1: Ball
1-1: Foul Ball, location: 2F
1-2: Fly out, F5 (Popup, 56)
Top of the 8th over - 2 run(s), 3 hit(s), 0 error(s), 1 left on base; Hialeah 5 - Bloomington 6
BOTTOM OF THE 8TH
Bloomington Longnecks batting - Pitching for Hialeah Dodos : RHP Lindsay Novak
Batting: RHB José López 0-0: Ground out 5-3 (Groundball, 56)
Batting: RHB Mark Smiley 0-0: Called Strike
0-1: Ball
1-1: Ball
2-1: Ball
3-1: Called Strike
3-2: SINGLE (Groundball, 34D)
Batting: RHB Bubba Blevins 0-0: Swinging Strike
0-1: Ball
1-1: Ball
2-1: Ball
3-1: DOUBLE (Flyball, 7D)
Mark Smiley to third
Batting: RHB Ty Struck 0-0: Ball
1-0: Foul Ball, location: 2F
1-1: Ball
2-1: Ball
3-1: Foul Ball, location: 2F
3-2: Strikes out swinging
Batting: RHB Frank Crocker 0-0: Ball
1-0: TRIPLE (Flyball, 9LM)
Mark Smiley scores
Bubba Blevins scores
Batting: LHB Chris Payling 0-0: Ball
1-0: Foul Ball, location: 2F
1-1: Ball
2-1: Ball
3-1: Called Strike
3-2: SINGLE (Line Drive, 6D)
Frank Crocker scores
Pitching: RHP Roberto Gómez
Batting: RHB Wei-qiang Mo 0-0: Ball
1-0: Ball
Wild Pitch!
Chris Payling to second
2-0: Ball
3-0: Base on Balls
Batting: LHB Adrián Gómez 0-0: Swinging Strike
0-1: Foul Ball, location: 2F
0-2: Ball
1-2: SINGLE (Groundball, 4D)
Chris Payling to third
Wei-qiang Mo to second
Runner from 3rd tries for Home, SAFE, throw made at trailing runner, SAFE at third!
Batting: LHB Luis Velázquez 0-0: Foul Ball, location: 2F
0-1: Ball
1-1: Ball
2-1: Ball
3-1: Called Strike
3-2: Ground out 4-3 (Groundball, 4)
Bottom of the 8th over - 4 run(s), 5 hit(s), 0 error(s), 2 left on base; Hialeah 5 - Bloomington 10
TOP OF THE 9TH
Hialeah Dodos batting - Pitching for Bloomington Longnecks : RHP Nick Taylor
Now in RF: Steve Ladner
Batting: RHB Luis Jelarde 0-0: Ground out 4-3 (Groundball, 4)
Batting: LHB Errol Levick 0-0: Ball
1-0: Foul Ball, location: 2F
1-1: Swinging Strike
1-2: Ball
2-2: Ball
3-2: Strikes out swinging
Batting: RHB Vincente Rotham 0-0: Ball
1-0: Ball
2-0: Swinging Strike
2-1: Ball
3-1: Called Strike
3-2: Foul Ball, location: 2F
3-2: SINGLE (Groundball, 4S) (infield hit)
Batting: SHB Evan Adams 0-0: Ball
1-0: Called Strike
1-1: Foul Ball, location: 2F
1-2: Ball
2-2: Fielders Choice at 2nd, 5-4 (Groundball, 56)
Top of the 9th over - 0 run(s), 1 hit(s), 0 error(s), 0 left on base; Hialeah 5 - Bloomington 10
Saturday, May 26th, 2018 - OOTP Baseball 17.12 Build 75